 Dungeon Crawl Stone Soup version 0.22-a0-166-g5351223 (webtiles) character file.

61 Borgoz the Skirmisher (level 3, -2/30 HPs)
             Began as a Demonspawn Abyssal Knight on Feb 13, 2018.
             Was a Follower of Lugonu.
             Slain by Sigmund
             ... wielding a +0 scythe
              (6 damage)
             ... on level 2 of the Dungeon.
             The game lasted 00:03:20 (1368 turns).

Borgoz the Skirmisher (Demonspawn Abyssal Knight)   Turns: 1368, Time: 00:03:21

Health: -2/30      AC:  6    Str: 13    XL:     3   Next: 83%
Magic:  5/5        EV:  9    Int: 13    God:    Lugonu [*.....]
Gold:   92         SH:  0    Dex: 12    Spells: 2/2 levels left

rFire    . . .     SeeInvis .   a - +1 mace
rCold    . . .     Gourm    .   (no shield)
rNeg     . . .     Faith    .   e - +0 scale mail
rPois    .         Spirit   .   (no helmet)
rElec    .         Reflect  .   (no cloak)
rCorr    .         Harm     .   (no gloves)
MR       .....                  (no boots)
Stlth    ..........             (no amulet)
HPRegen  0.10/turn              (no ring)
MPRegen  0.09/turn              (no ring)

@: no status effects
A: hooves 1
a: Depart the Abyss, Renounce Religion


You were on level 2 of the Dungeon.
You worshipped Lugonu.
Lugonu was aware of your devotion.
You were not hungry.

You visited 1 branch of the dungeon, and saw 2 of its levels.
You visited the Abyss 1 time.

You collected 92 gold pieces.

Inventory:

Hand Weapons
 a - a +1 mace (weapon)
Armour
 e - a +0 scale mail (worn)
Jewellery
 m - a +2 ring of strength {unknown}
Scrolls
 b - a scroll of fog {unknown}
 d - a scroll of blinking {unknown}
 g - a scroll of magic mapping
 h - 2 scrolls of remove curse {unknown}
Potions
 k - a potion of might {unknown}
 n - a potion of haste {unknown}
Comestibles
 c - 2 rations
 l - 4 chunks of flesh


   Skills:
 + Level 3.8 Fighting
 + Level 2.6 Maces & Flails
 + Level 2.0 Armour
 + Level 1.1 Dodging
 + Level 2.8 Invocations


You had 2 spell levels left.
You didn't know any spells.

Dungeon Overview and Level Annotations

Branches:
Dungeon (2/15)

Altars:

Annotations:
D:2 Sigmund


Innate Abilities, Weirdness & Mutations

You have large cloven feet.


Message History

You hit Sigmund.
Sigmund is lightly wounded.
Sigmund completely misses you.
You hit Sigmund.
Sigmund is moderately wounded.
Sigmund closely misses you.
You completely miss Sigmund. Your kick misses Sigmund.
Sigmund is moderately wounded.
Sigmund hits you but does no damage.
You hit Sigmund.
Sigmund is moderately wounded.
Sigmund hits you with a scythe.
You closely miss Sigmund.
Sigmund is moderately wounded.
Sigmund hits you with a scythe!
* * * LOW HITPOINT WARNING * * *
You closely miss Sigmund.
Sigmund is moderately wounded.
Sigmund hits you with a scythe.
You die...

**,******** ####### # *,,,,,,,,,*
#.....# # ,,,,,****,* ##*
#.....#### ,,,,,,***,**#.#*
#......... *,,**,,,>,,,,#.#*
#.....#### *,,*****#,*,**#@#*
#.....# # *,,****##.,** *#.##
###.### *,,,,,,,..#* ##@# #.#
*,,,*****#.#* ##@## #.# ,,,,,**
*#.###.## #.# # ,,,,,,** ##.#.##
####†## ##
,,,,,,,####...#########.....####.
,,,,,,,+.......†........†......'.
,,,,,,,####...#########)#...####.
,,,,,,** ##..# #.##.## ## ,,,,,**
##.# #.#### # *,,,** #.#* #....#


You could see Sigmund.

Vanquished Creatures
  A gnoll (D:1)
  An ooze (D:1)
  A worm (D:2)
  2 dart slugs (D:1)
  5 bats
  2 giant cockroaches
  3 goblins (D:1)
  7 hobgoblins
  3 jackals (D:2)
  6 kobolds (D:1)
  5 frilled lizards
  4 rats
40 creatures vanquished.

Notes
Turn   | Place    | Note
-------+----------+-------------------------------------------
     0 | Abyss:1  | Borgoz the Demonspawn Abyssal Knight began the quest for the Orb.
     0 | Abyss:1  | Reached XP level 1. HP: 18/18 MP: 2/2
    77 | Abyss:1  | Noticed a chaos spawn
    79 | D:1      | Escaped the Abyss
   139 | D:1      | Reached * piety under Lugonu
   145 | D:1      | Gained mutation: You have large cloven feet. [demonic ancestry]
   145 | D:1      | Reached XP level 2. HP: 20/24 MP: 3/3
   574 | D:1      | Reached XP level 3. HP: 29/29 MP: 5/5
   741 | D:1      | Reached skill level 1 in Dodging
  1354 | D:2      | Noticed Sigmund
  1368 | D:2      | Slain by Sigmund

Vault maps used:
D:1:      dpeg_arrival_shrine
D:2:      first_ration, uniq_sigmund

Skill      XL: |  1  2  3 |
---------------+----------+-----
Maces & Flails | 2 |  2.6
Armour         | 2 |  2.0
Dodging        | 1 |  1.1
Fighting       | |  3.8
Invocations    | |  2.8

Action                   || total
-------------------------++-------
Melee: Mace              ||   139
       Kick              ||    20
Invok: Depart the Abyss  ||     1
  Use: Potion            ||     3
       Scroll            ||     1
  Eat: Chunk             ||     2
Armor: Scale mail        ||    66
Dodge: Dodged            ||    65

Table legend:
 A = Spawn XP
 B = Non-spawn XP
 C = Spawn XP percentage of total XP
 D = Spawn monster count
 E = Non-spawn monster count
 F = Spawn count percentage of total count
 G = Total turns spent on level
                    A         B        C        D         E        F      G
               +---------+---------+-------+---------+---------+-------+---------
         Total |       0 |      88 |   0.0 |       0 |      40 |   0.0 |  1368
               +---------+---------+-------+---------+---------+-------+---------
           D:1 |       0 |      66 |   0.0 |       0 |      29 |   0.0 |  1076
           D:2 |       0 |      22 |   0.0 |       0 |      11 |   0.0 |   213
               +---------+---------+-------+---------+---------+-------+---------
